 Dungeon Crawl Stone Soup version 0.26-a0-259-g1effd001a9 (webtiles) character file.

Game seed: 11153747817001770390

7021 night the Frost Mage (level 10, -4/37 HPs)
             Began as a Felid Ice Elementalist on July 23, 2020.
             Was an Elder of Vehumet.
             Killed from afar by a rime drake (18 damage)
             ... with a flash freeze
             ... on level 1 of the Lair of Beasts.
             The game lasted 00:56:47 (16361 turns).

night the Frost Mage (Felid Ice Elementalist)      Turns: 16361, Time: 00:56:48

Health: -4/37      AC:  2    Str:  4    XL:     10   Next: 82%
Magic:  7/24       EV: 22    Int: 27    God:    Vehumet [****..]
Gold:   734        SH:  0    Dex: 16    Spells: 7/28 levels left
                                        Lives:  0   Deaths: 3

rFire    . . .     SeeInvis +     - Unarmed
rCold    . . .     Faith    +   (shield unavailable)
rNeg     . . .     Spirit   .   (armour unavailable)
rPois    .         Reflect  .   (helmet unavailable)
rElec    .         Harm     .   (cloak unavailable)
rCorr    .                      (gloves unavailable)
MR       +....                  (boots unavailable)
Stlth    +++.......             v - amulet of faith
HPRegen  0.12/turn              o - +6 ring of intelligence
MPRegen  0.19/turn              t - +4 ring of evasion

@: quick
A: very small, no armour, no weapons or thrown items, stealth, claws 1, fangs 3,
see invisible, speed 1, shaggy fur 2, slow metabolism 1, sharp paws
a: Renounce Religion


You were on level 1 of the Lair of Beasts.
You worshipped Vehumet.
Vehumet was greatly pleased with you.
You were not hungry.

You visited 4 branches of the dungeon, and saw 13 of its levels.

You collected 734 gold pieces.

Inventory:

Jewellery
 o - a +6 ring of intelligence (left paw)
 r - an uncursed ring of resist corrosion
 t - a +4 ring of evasion (right paw)
 v - an amulet of faith (around neck)
Wands
 d - a wand of digging (1)
 s - a wand of flame (7)
 u - a wand of polymorph (16)
 z - a wand of clouds (6)
 C - a wand of disintegration (9)
Scrolls
 c - 3 scrolls of remove curse
 e - 7 scrolls of teleportation
 j - a scroll of amnesia
 k - 6 scrolls of identify
 m - 2 scrolls of fog {unknown}
 x - a scroll of blinking
 y - a scroll of brand weapon {unknown}
Potions
 a - a potion of berserk rage {unknown}
 f - a potion of stabbing
 g - 4 potions of flight
 h - a potion of invisibility {unknown}
 i - 3 potions of curing
 l - 2 potions of magic {unknown}
 n - a potion of haste
 p - 2 potions of heal wounds
 q - 3 potions of brilliance
 w - a potion of might
 A - a potion of mutation {unknown}
 B - a potion of cancellation {unknown}
Comestibles
 b - 31 rations


   Skills:
 - Level 3.0 Dodging
 - Level 3.0 Stealth
 + Level 6.0 Unarmed Combat
 + Level 9.8 Spellcasting
 - Level 2.0 Transmutations
 * Level 13.5 Ice Magic


You had 7 spell levels left.
You knew the following spells:

 Your Spells              Type           Power        Failure   Level
a - Freeze                Ice            ####         0%          1
b - Frozen Ramparts       Ice            ######       1%          3
c - Summon Ice Beast      Ice/Summ       #####...     2%          4
d - Hailstorm             Conj/Ice       #####...     1%          4
e - Ensorcelled Hibernat  Hex/Ice        #####.       1%          2
f - Ice Form              Ice/Tmut       ######..     1%          4
g - Mephitic Cloud        Conj/Pois/Air  ##......     3%          3

Your spell library contained the following spells:

 Spells                   Type           Power        Failure   Level
 Fulminant Prism          Conj/Hex       ##........   12%         4
 Beastly Appendage        Tmut           ###...       1%          1
 Ozocubu's Armour         Chrm/Ice       #####...     1%          3
 Sticks to Snakes         Tmut           ###.....     3%          2
 Dazzling Flash           Conj/Hex       ##....       3%          3
 Static Discharge         Conj/Air       ##......     3%          3
 Stone Arrow              Conj/Erth      ##....       3%          3
 Animate Skeleton         Necr           ##....       4%          1
 Apportation              Tloc           ##....       4%          1
 Corona                   Hex            ##.....      4%          1
 Pain                     Necr           ##..         4%          1
 Summon Small Mammal      Summ           ##..         4%          1
 Spider Form              Tmut/Pois      ###.......   9%          3
 Confusing Touch          Hex            ##......     13%         3
 Tukima's Dance           Hex            ##......     13%         3
 Vampiric Draining        Necr           ##........   13%         3
 Fireball                 Conj/Fire      ##........   30%         5
 Iskenderun's Battlesphe  Conj/Chrm      ##......     30%         5
 Animate Dead             Necr           ##........   41%         4
 Blade Hands              Tmut           ###.......   47%         5
 Agony                    Necr           ##......     77%         5


Dungeon Overview and Level Annotations

Branches:
Dungeon (10/15)            Temple (1/1) D:7            Lair (1/6) D:9
    Orc (1/2) D:10

Altars:
Ashenzari
Cheibriados
Dithmenos
Elyvilon
Fedhas
Gozag
Hepliaklqana
Kikubaaqudgha
Makhleb
Nemelex Xobeh
Okawaru
Qazlal
Ru
Sif Muna
Trog
Uskayaw
Vehumet
Wu Jian
Xom
Yredelemnul
Zin
The Shining One
Beogh

Annotations:
D:4 3 runed translucent doors, melvinkitnick's ghost, amateur DEFE
D:5 exclusion: statue
D:8 2 transporters


Innate Abilities, Weirdness & Mutations

You cannot wear armour.
You are incapable of wielding weapons or throwing items.
Your paws allow you to move quietly. (Stealth)
You have sharp claws.
You have razor-sharp teeth.
You have supernaturally acute eyesight. (SInv)
You cover ground quickly.
You are covered in thick fur. (AC +2)
You have a slow metabolism.
Your sharp claws are effective at attacking unaware monsters.


Message History

Aim: a rime drake (catching its breath)
The rime drake resists.
You freeze the rime drake.
The rime drake is lightly wounded.
The rime drake misses you.
Your ice beast barely misses the rime drake. x2
Casting: Freeze (safe; 0% risk of failure)
Confirm with . or Enter, or press ? or * to list all spells.
Aiming: Mephitic Cloud (dangerous; 3% risk of failure)
Press: ? - help, Shift-Dir - straight line, p - rime drake The ball explodes into a vile cloud!
The stinking cloud engulfs the rime drake but does no damage.
The rime drake is lightly wounded.
The ice encasing you melts away. The rime drake completely misses you.
Your ice beast hits the rime drake.
Your ice beast freezes the rime drake.
The rime drake resists.
Your ice beast hits the rime drake.
Your ice beast freezes the rime drake!
The rime drake resists.
The rime drake breathes ice at you. The flash freeze hits you!!
You die...

....>......................
........#####.##...........
# ....#..## #.##..........
.# .......# #.##......#.#
... ....#..#
####.##....>.###...#
........
.....##.............
........ #...........###..
........ ##...........#
.......#. #.....@°.....#
.... #....#.○○...## #..#
#.#...PPk.☼.$.## ...
.......YY.##....#
........Y#≈≈#.....
.........#≈l#......
.........###.......
.###.....P##..#...#
#..........#...


You could see a komodo dragon, a rime drake (catching breath) and 3 friendly ice
beasts.

Vanquished Creatures
  Harold (D:7)
  2 two-headed ogres
  7 death yaks
  An unseen horror (D:10)
  A gargoyle (D:10)
  A cane toad (Lair:1)
  2 trolls
  A hippogriff (D:10)
  A wyvern (D:6)
  4 yaks (D:9)
  Edmund (D:4)
  2 water moccasins (Lair:1)
  3 porcupines (Lair:1)
  2 black bears
  A nameless horror (D:9)
  2 orc warriors
  3 sky beasts
  2 ogres (D:5)
  4 centaurs
  A crocodile (Lair:1)
  2 big kobolds
  10 bullfrogs
  2 scorpions
  3 killer bees (D:10)
  2 wights (D:8)
  3 howler monkeys
  A hound (D:9)
  Crazy Yiuf (D:5)
  12 orc priests
  4 jellies
  5 bullfrog skeletons
  2 iguanas
  Ijyb (D:3)
  9 worker ants
  10 orc wizards
  2 hound zombies (D:5)
  A hound skeleton (D:8)
  2 worker ant zombies
  4 gnolls (D:6)
  12 adders
  3 shadow imps
  2 white imps
  An ufetubus (D:10)
  An ooze (D:3)
  3 worms
  A dart slug (D:1)
  7 leopard geckos
  60 orcs
  9 bats
  10 giant cockroaches
  8 goblins
  6 hobgoblins
  3 jackals (D:6)
  17 kobolds
  5 quokkas
  4 ball pythons
  6 frilled lizards
  A giant cockroach zombie (D:5)
  A leopard gecko skeleton (D:5)
  2 quokka skeletons
  6 rats
286 creatures vanquished.

Vanquished Creatures (collateral kills)
  A cane toad (Lair:1)
  A komodo dragon (Lair:1)
  2 ice beasts
  A phantom (D:10)
  An ogre (D:7)
  3 wights
  An orc priest (D:10)
  An orc wizard (D:10)
  A white imp (D:7)
  6 orcs
  A fungus (Lair:1)
19 creatures vanquished.

Vanquished Creatures (others)
  A fire vortex (Lair:1)
1 creature vanquished.

Grand Total: 306 creatures vanquished

Notes
Turn   | Place    | Note
-------+----------+-------------------------------------------
     0 | D:1      | night the Felid Ice Elementalist began the quest for the
                  | Orb.
     0 | D:1      | Reached XP level 1. HP: 7/7 MP: 4/4
   204 | D:1      | Reached XP level 2. HP: 11/11 MP: 3/6
   632 | D:1      | Reached skill level 4 in Ice Magic
   986 | D:1      | Reached XP level 3. HP: 12/14 MP: 5/7
   991 | D:1      | Learned a level 3 spell: Frozen Ramparts
  1711 | D:2      | Found an opulent altar of Gozag.
  1821 | D:2      | Reached XP level 4. HP: 18/18 MP: 5/9
  1947 | D:2      | Found a shattered altar of Ashenzari.
  2071 | D:2      | Found an ornate altar of the Wu Jian Council.
  3004 | D:3      | Reached skill level 5 in Ice Magic
  3220 | D:3      | Reached XP level 5. HP: 21/21 MP: 6/10
  3267 | D:3      | Noticed Ijyb
  3276 | D:3      | Killed Ijyb
  3998 | D:3      | Gained mutation: You are covered in thick fur. (AC +2)
                  | [Felid growth]
  3998 | D:3      | Reached XP level 6. HP: 24/24 MP: 8/12
  4002 | D:3      | Found a basalt altar of Yredelemnul.
  4146 | D:3      | You fall into a shaft and drop 3 floors!
  4156 | D:5      | Entered Level 5 of the Dungeon
  4175 | D:6      | Noticed a sky beast
  4474 | D:4      | Reached skill level 6 in Ice Magic
  4485 | D:4      | Learned a level 4 spell: Summon Ice Beast
  4662 | D:4      | Noticed Edmund
  4684 | D:4      | Killed Edmund
  4812 | D:4      | Found a glowing golden altar of the Shining One.
  4812 | D:4      | Found a white marble altar of Elyvilon.
  5295 | D:3      | Reached XP level 7. HP: 27/27 MP: 10/14
  5412 | D:3      | Found a shimmering altar of Xom.
  5415 | D:3      | Found a shimmering altar of Xom.
  5415 | D:3      | Found a shimmering altar of Xom.
  5416 | D:3      | Found a shimmering altar of Xom.
  5416 | D:3      | Found a shimmering altar of Xom.
  5417 | D:3      | Found a shimmering altar of Xom.
  5445 | D:3      | Found a shimmering altar of Xom.
  5445 | D:3      | Found a shimmering altar of Xom.
  5723 | D:4      | Learned a level 4 spell: Hailstorm
  5847 | D:4      | Found a runed translucent gate.
  5848 | D:4      | Found a runed translucent gate.
  5849 | D:4      | Found a runed translucent gate.
  5850 | D:4      | Identified the cursed +0 ring mail of the Prince of
                  | Darkness {Dex+4}
  5851 | D:4      | Noticed melvinkitnick's ghost (amateur DEFE)
  5940 | D:4      | Found a roughly hewn altar of Beogh.
  6756 | D:5      | Reached skill level 7 in Ice Magic
  7024 | D:5      | Reached skill level 5 in Spellcasting
  7076 | D:5      | Found a radiant altar of Vehumet.
  7089 | D:5      | Became a worshipper of Vehumet
  7231 | D:5      | Found a runed translucent door.
  7232 | D:5      | Noticed Crazy Yiuf
  7252 | D:5      | Killed Crazy Yiuf
  7382 | D:5      | Found a hide-covered altar of Uskayaw.
  7383 | D:5      | Found an ancient bone altar of Kikubaaqudgha.
  7472 | D:5      | Reached XP level 8. HP: 22/31 MP: 12/16
  7842 | D:5      | Reached skill level 8 in Ice Magic
  7851 | D:5      | Identified Keiran's Guide on Confrontation
  7881 | D:5      | HP: 4/31 [white imp/puff of frost (10)]
  7882 | D:5      | Killed from afar by a white imp
  7883 | D:5      | Reached XP level 7. HP: 0/27 MP: 10/15
  8542 | D:6      | Learned a level 2 spell: Ensorcelled Hibernation
  8615 | D:6      | Reached * piety under Vehumet
  8615 | D:6      | Offered knowledge of Sandblast by Vehumet.
  8640 | D:6      | Reached skill level 9 in Ice Magic
  8640 | D:6      | Reached XP level 8. HP: 31/31 MP: 15/18
  9221 | D:6      | Noticed a troll
  9237 | D:6      | Killed a troll
  9613 | D:7      | Reached skill level 10 in Ice Magic
  9622 | D:7      | Noticed a two-headed ogre
  9677 | D:7      | Killed a two-headed ogre
  9677 | D:7      | Reached XP level 9. HP: 18/34 MP: 3/21
  9840 | D:7      | Noticed Harold
  9852 | D:7      | Killed Harold
  9852 | D:7      | Reached skill level 11 in Ice Magic
 10001 | D:7      | Learned a level 4 spell: Ice Form
 10269 | D:7      | Found a staircase to the Ecumenical Temple.
 10274 | Temple   | Entered the Ecumenical Temple
 10947 | D:8      | Reached skill level 1 in Transmutations
 11136 | D:8      | Found a transporter.
 11148 | D:8      | Found a transporter.
 11203 | D:9      | Found a shadowy altar of Dithmenos.
 11589 | D:8      | Reached XP level 10. HP: 37/37 MP: 20/23
 11607 | D:8      | Reached ** piety under Vehumet
 11614 | D:8      | Offered knowledge of Shock by Vehumet.
 11864 | D:8      | Reached skill level 1 in Unarmed Combat
 12405 | D:7      | Reached skill level 2 in Transmutations
 12698 | D:9      | Noticed a death yak
 12708 | D:9      | Noticed a death yak
 12710 | D:9      | Noticed a death yak
 12730 | D:9      | Killed a death yak
 12737 | D:9      | Reached skill level 2 in Unarmed Combat
 12740 | D:9      | HP: 4/37 [yak (18)]
 12740 | D:9      | Mangled by a death yak
 12741 | D:9      | Reached XP level 9. HP: -12/34 MP: 1/22
 12763 | D:9      | Found a staircase to the Lair.
 12817 | D:9      | Killed a death yak
 12817 | D:9      | Reached skill level 12 in Ice Magic
 12838 | D:9      | Killed a death yak
 12838 | D:9      | Reached XP level 10. HP: 37/37 MP: 18/23
 13005 | D:9      | Offered knowledge of Mephitic Cloud by Vehumet.
 13011 | D:9      | Learned a level 3 spell: Mephitic Cloud
 13121 | D:9      | Noticed a two-headed ogre
 13148 | D:9      | Killed a two-headed ogre
 13400 | D:9      | Found an iron altar of Okawaru.
 13499 | D:10     | Entered Level 10 of the Dungeon
 13556 | D:10     | Noticed an unseen horror
 13562 | D:10     | Killed an unseen horror
 13772 | D:10     | Noticed a gargoyle
 13779 | D:10     | HP: 2/44 [gargoyle/stone arrow (18)]
 13784 | D:10     | Killed a gargoyle
 14098 | D:10     | Reached *** piety under Vehumet
 14110 | D:10     | Found a staircase to the Orcish Mines.
 14160 | D:10     | Offered knowledge of Sticky Flame by Vehumet.
 14844 | D:10     | Reached **** piety under Vehumet
 15664 | Orc:1    | Entered Level 1 of the Orcish Mines
 15664 | Orc:1    | Noticed a stone giant
 15719 | Lair:1   | Entered Level 1 of the Lair of Beasts
 15762 | Lair:1   | Noticed a death yak
 15763 | Lair:1   | Noticed a death yak
 15763 | Lair:1   | Noticed a death yak
 15764 | Lair:1   | Noticed a death yak
 15864 | Lair:1   | Killed a death yak
 15864 | Lair:1   | Reached skill level 5 in Unarmed Combat
 15866 | Lair:1   | Slain by a death yak
 15867 | Lair:1   | Reached XP level 9. HP: -2/34 MP: 12/23
 15923 | Lair:1   | Noticed a cane toad
 15925 | Lair:1   | Reached skill level 13 in Ice Magic
 15925 | Lair:1   | Reached XP level 10. HP: 37/37 MP: 22/24
 15954 | Lair:1   | Killed a cane toad
 15960 | Lair:1   | Killed a death yak
 15960 | Lair:1   | Offered knowledge of Fulminant Prism by Vehumet.
 15987 | Lair:1   | Killed a death yak
 15989 | Lair:1   | Killed a death yak
 16331 | Lair:1   | Noticed a cane toad
 16355 | Lair:1   | Killed a cane toad
 16361 | Lair:1   | Killed from afar by a rime drake

Illustrated notes

Levels and vault maps discovered:
D:1:      shiori_arrival_elements, layout_basic
D:2:      layout_loops_corners, marbit_many_paths, evilmike_ruin_ashenzari,
          lemuel_round_altar
D:3:      layout_rooms, xom_redecorated, overflow_temple_1_default,
          first_ration, uniq_ijyb
D:4:      layout_basic, amethyst_overflow_temple_binary, portal_sewer_entry_f,
          biasface_ghost_orc_armoury, uniq_edmund
D:5:      minmay_octagon_keep, layout_cave_pools, vehumet_statue, minitemple,
          uniq_crazy_yiuf_cottage
D:6:      minmay_skewed_foursquare, layout_rooms, chequers_avenue
D:7:      layout_basic, temple_statues, uniq_harold
D:8:      gammafunk_steamed_eel, layout_loops_ring
D:9:      minmay_distorted_concentric_squares, layout_basic, old_standard_altar,
          lemuel_crystal_altar, dpeg_lair_monsters
D:10:     layout_irregular_city, hiddenorc2_lemuel
Temple:   zaba_magenta_temple
Lair:1:   layout_gridlike
Orc:1:    layout_caves, basic_altar, nicolae_orc_damp_corner,
          nicolae_orc_lost_temple

Skill      XL: |  1  2  3  4  5  6  7  8  9 10 |
---------------+-------------------------------+-----
Stealth        | 3 |  3.0
Ice Magic      | 4 5 6 9 10 13 | 13.5
Dodging        | 3 |  3.0
Spellcasting   | 3 4 6 7 8 9 |  9.8
Transmutations | 1 2 |  2.0
Unarmed Combat | 3 6 |  6.0

Action                   |  1- 3 |  4- 6 |  7- 9 | 10-12 || total
-------------------------+-------+-------+-------+-------++-------
Melee: Unarmed           |     9 |    60 |   177 |   105 ||   351
       Bite              |       |    10 |    10 |    10 ||    30
 Cast: Freeze            |    53 |    27 |    14 |    13 ||   107
       Frozen Ramparts   |     3 |    33 |    71 |    50 ||   157
       Summon Ice Beast  |       |       |    11 |    26 ||    37
       Hailstorm         |       |       |     9 |    12 ||    21
       Ice Form          |       |       |     2 |     4 ||     6
       Mephitic Cloud    |       |       |       |     3 ||     3
       Ensorcelled Hiber |       |       |       |     2 ||     2
Evoke: Wand              |       |       |     8 |     3 ||    11
  Use: Scroll            |       |     7 |     1 |     9 ||    17
 Stab: Sleeping          |     4 |     4 |     8 |       ||    16
       Distracted        |       |       |       |     1 ||     1
  Eat: Ration            |       |     2 |     4 |     1 ||     7
Armor: Skin              |     1 |     4 |    27 |     8 ||    40
Dodge: Dodged            |    30 |    60 |   166 |   154 ||   410

Table legend:
 A = Non-vault XP
 B = Vault XP
 C = Vault XP percentage of total XP
 D = Non-vault monster count
 E = Vault monster count
 F = Vault count percentage of total count
                 A         B        C        D         E       F
            +---------+---------+-------+---------+---------+-------
      Total |   13734 |    5866 |  29.9 |     242 |      61 |  20.1
            +---------+---------+-------+---------+---------+-------
        D:1 |      49 |       0 |   0.0 |      29 |       0 |   0.0
        D:2 |     120 |       1 |   0.8 |      29 |       1 |   3.3
        D:3 |     205 |      36 |  14.9 |      29 |       1 |   3.3
        D:4 |     225 |     167 |  42.6 |      12 |       3 |  20.0
        D:5 |     315 |     425 |  57.4 |      14 |       8 |  36.4
        D:6 |    1374 |     339 |  19.8 |      32 |       3 |   8.6
        D:7 |    1653 |     970 |  37.0 |      23 |       1 |   4.2
        D:8 |     999 |       0 |   0.0 |      27 |       0 |   0.0
        D:9 |    1297 |    3483 |  72.9 |       9 |      12 |  57.1
       D:10 |    2066 |     445 |  17.7 |      24 |      32 |  57.1
     Lair:1 |    5431 |       0 |   0.0 |      14 |       0 |   0.0
            +---------+---------+-------+---------+---------+-------
